 Dungeon Crawl Stone Soup version 0.19.5 (webtiles) character file.

892 Gargoyl the Skirmisher (level 8, -6/71 HPs)
             Began as a Ghoul Abyssal Knight on Apr 7, 2017.
             Was an Elder of Lugonu.
             Mangled by an orc warrior
             ... wielding a +0 short sword
              (11 damage)
             ... on level 5 of the Dungeon.
             The game lasted 00:11:02 (4383 turns).

Gargoyl the Skirmisher (Ghoul Abyssal Knight)       Turns: 4383, Time: 00:11:03

Health: -6/71      AC: 12    Str: 16    XL:     8   Next: 6%
Magic:  10/10      EV:  7    Int:  7    God:    Lugonu [****..]
Gold:   179        SH:  0    Dex: 10    Spells: 0 memorised, 7 levels left

rFire  + . .     SeeInvis .     a - +2 hand axe
rCold  . . .     Gourm    .     x - +0 chain mail
rNeg   + + +     Faith    .     (no shield)
rPois  ∞         Spirit   .     l - +0 helmet
rElec  .         Reflect  .     (no cloak)
rCorr  .         Harm     .     (no gloves)
MR     .....                    h - +1 pair of boots
Stlth  ..........               i - amulet of magic regeneration
                                (no ring)
                                q - ring of fire

@: rotting
A: rotting body, claws 1, carnivore 3, cold resistance 1, negative energy
resistance 3, slow regeneration 1, torment resistance, unbreathing
a: Depart the Abyss, Bend Space, Banish, Corrupt, Renounce Religion


You were on level 5 of the Dungeon.
You worshipped Lugonu.
Lugonu was greatly pleased with you.
You were not hungry.

You visited 1 branch of the dungeon, and saw 5 of its levels.
You visited the Abyss 1 time.
You also visited: Sewer.

You collected 179 gold pieces.

Inventory:

Hand Weapons
 a - a +2 hand axe (weapon)
Missiles
 f - 2 javelins (quivered)
Armour
 h - a +1 pair of boots (worn)
 l - a +0 helmet (worn)
 x - a +0 chain mail (worn)
Jewellery
 i - an amulet of magic regeneration (around neck)
 q - a ring of fire (left claw)
Wands
 e - a wand of acid (6/15)
Scrolls
 d - a scroll of amnesia
 g - 5 scrolls of remove curse
 r - 3 scrolls of identify
 s - 3 scrolls of magic mapping
 t - 2 scrolls of teleportation
Potions
 b - a potion of brilliance {unknown}
 k - 2 potions of heal wounds
 m - 2 potions of lignification {unknown}
 n - 3 potions of flight {unknown}
 o - 3 potions of might {unknown}
 p - 3 potions of resistance {unknown}
 u - a potion of berserk rage {unknown}
Comestibles
 c - 3 meat rations
 j - 5 chunks of flesh
 v - a slice of pizza


   Skills:
 + Level 6.3 Fighting
 + Level 4.6 Axes
 + Level 0.3 Throwing
 * Level 3.6 Armour
 + Level 2.0 Dodging
 * Level 4.4 Invocations


You had 7 spell levels left.
You didn't know any spells.

Dungeon Overview and Level Annotations

Branches:
Dungeon (5/15)
 Temple: D:4-7

Altars:
Cheibriados
Hepliaklqana
Kikubaaqudgha
Nemelex Xobeh
Okawaru
Trog


Innate Abilities, Weirdness & Mutations

Your body is rotting away.
You thrive on raw meat.
You are immune to poison.
You have sharp fingernails.
You are carnivorous and can eat meat at any time.
Your flesh is cold resistant. (rC+)
You are immune to negative energy. (rN+++)
You regenerate slowly when monsters are visible.
You are immune to unholy pain and torment.
You can survive without breathing.


Message History

The orc warrior is lightly wounded.
The orc warrior hits you with a short sword!
You hit the orc warrior.
The orc warrior is moderately wounded.
The orc warrior completely misses you.
You barely miss the orc warrior.
The orc warrior is moderately wounded.
The orc warrior hits you with a short sword!
* * * LOW HITPOINT WARNING * * *
You hit the orc warrior.
The orc warrior is heavily wounded.
The orc warrior hits you with a short sword!
* * * LOW HITPOINT WARNING * * *
You hit the orc warrior but do no damage.
The orc warrior is heavily wounded.
The orc warrior hits you but does no damage.
You hit the orc warrior.
The orc warrior is heavily wounded.
The orc warrior hits you with a short sword!
You die...

#.......#######
#.##..#.....#
#.....#.#...#
#....(.(..#.#
####..##.#.....#
#.....##....#.##
#.##....)...#.#
#.##..#..##...###
#.............#@#
####........#.#o#
###.......####.#o###.##.
..........# #..oh......
..........# ###(###..#.
..........# #.##.o..h
########### #.....o.h
##.#.o.#. .......


You could see an orc warrior, 2 orcs and a jackal.

Vanquished Creatures
  A ynoxinul (Abyss:2)
  A black bear (D:4)
  A centaur (D:5)
  A big kobold (Sewer)
  A scorpion (D:4)
  2 orc wizards
  5 worker ants
  2 hound skeletons
  Robin (D:2)
  2 river rats (Sewer)
  5 adders
  2 shadow imps (D:5)
  5 oozes
  5 worms
  2 dart slugs
  2 leopard geckos
  9 orcs
  7 bats
  6 giant cockroaches
  14 goblins
  7 hobgoblins
  10 jackals
  20 kobolds
  3 quokkas
  3 ball pythons
  5 frilled lizards
  18 rats
140 creatures vanquished.

Notes
Turn   | Place    | Note
-------+----------+-------------------------------------------
     0 | Abyss:1  | Gargoyl the Ghoul Abyssal Knight began the quest for the Orb.
     0 | Abyss:1  | Reached XP level 1. HP: 19/19 MP: 1/1
    72 | Abyss:2  | Noticed a ynoxinul
    77 | Abyss:2  | Killed a ynoxinul
    77 | Abyss:2  | Reached skill level 5 in Fighting
    77 | Abyss:2  | Reached XP level 2. HP: 29/29 MP: 3/3
    77 | Abyss:2  | Reached XP level 3. HP: 36/36 MP: 4/4
    77 | Abyss:2  | Reached XP level 4. HP: 42/42 MP: 5/5
    77 | Abyss:2  | Reached XP level 5. HP: 48/48 MP: 6/6
    82 | Abyss:2  | Noticed a smoke demon
    87 | D:1      | Escaped the Abyss
   102 | D:1      | Reached * piety under Lugonu
   187 | D:1      | Reached skill level 1 in Dodging
  1122 | D:2      | Reached ** piety under Lugonu
  1250 | D:2      | Noticed Robin
  1276 | D:2      | Killed Robin
  1276 | D:2      | Reached XP level 6. HP: 36/56 MP: 7/7
  1365 | D:2      | Found a hazy altar of Hepliaklqana.
  1365 | D:2      | Found a sparkling altar of Nemelex Xobeh.
  1365 | D:2      | Found an iron altar of Okawaru.
  1365 | D:2      | Found a bloodstained altar of Trog.
  1368 | D:2      | Found an ancient bone altar of Kikubaaqudgha.
  1370 | D:2      | Found a snail-covered altar of Cheibriados.
  2242 | D:3      | Reached *** piety under Lugonu
  2249 | D:3      | Found a glowing drain.
  2253 | Sewer    | Entered a sewer
  2607 | Sewer    | Reached XP level 7. HP: 53/62 MP: 8/8
  2632 | Sewer    | HP: 2/62 [kobold/dagger of electrocution (15)]
  4010 | D:4      | Reached skill level 6 in Fighting
  4153 | D:5      | Entered Level 5 of the Dungeon
  4215 | D:5      | Reached **** piety under Lugonu
  4308 | D:5      | Reached XP level 8. HP: 34/71 MP: 10/10
  4383 | D:5      | Mangled by an orc warrior

Skill      XL: |  1  2  3  4  5  6  7 |
---------------+----------------------+-----
Fighting       | 5 6 |  6.3
Axes           | 2 3 4 |  4.6
Armour         | 2 3 |  3.6
Dodging        | 1 2 |  2.0
Invocations    | 3 4 |  4.4
Throwing       | |  0.3

Action                   |  1- 3 |  4- 6 |  7- 9 || total
-------------------------+-------+-------+-------++-------
Melee: Hand axe          |       |   292 |   221 ||   513
Throw: Javelin           |       |     9 |     6 ||    15
Invok: Depart the Abyss  |       |     1 |       ||     1
Evoke: Wand              |     1 |     1 |       ||     2
  Use: Scroll            |     3 |     9 |     2 ||    14
       Potion            |       |       |     2 ||     2
  Eat: Chunk             |       |    40 |    25 ||    65
Armor: Leather armour    |     1 |   107 |    14 ||   122
       Chain mail        |       |       |   133 ||   133
Dodge: Dodged            |       |   203 |    90 ||   293
